 Dungeon Crawl Stone Soup version 0.17.0-19-gb37c632 (console) character file.

112 Kloppie the Skirmisher (level 4, 0/25 HPs)
             Began as a Vine Stalker Fighter on Nov 12, 2015.
             Slain by a gnoll
             ... wielding a +0 halberd
              (6 damage)
             ... on level 2 of the Dungeon.
             The game lasted 00:02:45 (1148 turns).

Kloppie the Skirmisher (Vine Stalker Fighter)       Turns: 1148, Time: 00:02:45

Health: 0/25       AC:  6    Str: 20    XL:     4   Next: 95%
Magic:  0/5        EV:  7    Int:  8    God:
Gold:   92         SH:  9    Dex: 13    Spells: 0 memorised, 3 levels left

rFire  . . .     SeeInvis .     a - +0 flail
rCold  . . .     Clarity  .     b - +0 scale mail
rNeg   . . .     SustAt   .     c - +0 shield
rPois  .         Gourm    .     (no helmet)
rElec  .         Spirit   +     (no cloak)
rCorr  .         Warding  .     (no gloves)
rMut   .         Stasis   .     (no boots)
MR     .....                    (no amulet)
Stlth  ..........               (no ring)
                                (no ring)

@: not resistant to hostile enchantments, extremely unstealthy
A: fangs 2, regeneration 1, magic shield, antimagic bite, no device heal 3, rot
immunity
a: no special abilities


You were on level 2 of the Dungeon.
You were hungry.

You visited 1 branch of the dungeon, and saw 2 of its levels.

You collected 92 gold pieces.

Inventory:

Hand Weapons
 a - a +0 flail (weapon)
Missiles
 s - 10 poisoned needles
Armour
 b - a +0 scale mail (worn)
 c - a +0 shield (worn)
Scrolls
 f - 6 scrolls of identify {unknown}
 h - a scroll of remove curse {unknown}
 k - a scroll of fog {unknown}
 m - a scroll of amnesia {unknown}
 n - a scroll of fear {unknown}
 q - 4 scrolls of recharging {unknown}
 r - a scroll of noise {unknown}
 t - a scroll of random uselessness {unknown}
 w - a scroll of enchant armour {unknown}
Potions
 d - a potion of might
 i - a potion of heal wounds {unknown}
 j - a potion of cure mutation {unknown}
 o - a potion of cancellation {unknown}
 u - a potion of brilliance {unknown}
 v - a potion of curing {unknown}
Comestibles
 e - 2 bread rations
 g - 2 slices of pizza
 l - a beef jerky
 p - 2 meat rations


   Skills:
 + Level 3.6 Fighting
 + Level 2.8 Maces & Flails
 + Level 3.3 Armour
 - Level 2.6 Shields


You had 3 spell levels left.
You didn't know any spells.

Dungeon Overview and Level Annotations

Branches:
Dungeon (2/15)

Altars:
Dithmenos


Innate Abilities, Weirdness & Mutations

You have extremely sharp teeth.
Your natural rate of healing is unusually fast.
When hurt, damage is shared between your health and your magic reserves.
Your bite disrupts and absorbs the magic of your enemies.
Potions and wands cannot restore your health.
You are immune to rotting.


Message History

The gnoll hits you but does no damage.
Things that are here:
25 arrows; a gnoll corpse You hit the gnoll but do no damage.
You bite the gnoll. You drain its power.
You feel invigorated.
The gnoll is lightly wounded.
The gnoll hits you with a halberd.
* * * LOW HITPOINT WARNING * * *
You hit the gnoll but do no damage. You bite the gnoll. You drain its power.
You feel invigorated.
The gnoll is moderately wounded.
The gnoll barely misses you.
You hit the gnoll. Your bite misses the gnoll.
The gnoll is almost dead.
The gnoll hits you with a halberd.
* * * LOW HITPOINT WARNING * * *
You hit the gnoll but do no damage. Your bite misses the gnoll.
The gnoll is almost dead.
The gnoll hits you with a halberd!
You die...

#..##.# #...# #.##.....#
#..##.# #...# #.###...##
......# #...# #.......###.
#..#### #...# #####.(.....
#..# #...# ##.##### ...# ##)##
#(# .#.# #.# #(##### .
######g# #.(.... .#
##....@.############### .#
#...####.......## .#
###........#####..## ##
#.......#### #.#.# #.........#
##.## ###.......#.#### #.#
####..............# #.#
####.................# #.#
..).........##.......####.####


You could see a gnoll.

Vanquished Creatures
  Ijyb (D:2)
  5 gnolls (D:2)
  2 worms (D:2)
  2 giant cockroaches
  4 goblins
  3 hobgoblins
  2 jackals (D:2)
  2 kobolds
  A quokka (D:2)
  4 bats
  A giant newt (D:1)
  3 rats (D:1)
30 creatures vanquished.

Notes
Turn   | Place    | Note
--------------------------------------------------------------
     0 | D:1      | Kloppie the Vine Stalker Fighter began the quest for the Orb.
     0 | D:1      | Reached XP level 1. HP: 11/11 MP: 2/2
   101 | D:1      | Reached XP level 2. HP: 16/16 MP: 3/3
   216 | D:1      | Reached skill level 3 in Fighting
   363 | D:2      | Noticed Ijyb
   375 | D:2      | Killed Ijyb
   375 | D:2      | Reached XP level 3. HP: 20/20 MP: 4/4
   605 | D:2      | Reached XP level 4. HP: 19/24 MP: 2/5
   769 | D:2      | Found a shadowy altar of Dithmenos.
   831 | D:2      | HP: 1/24 [gnoll/spear (4)]
  1148 | D:2      | Slain by a gnoll

Action                   |  1- 3 |  4- 6 || total
-------------------------+-------+-------++-------
Melee: Flail             |    58 |    42 ||   100
